 Dungeon Crawl Stone Soup version 0.24-a0-397-g73b976d855 (webtiles) character file.

Game seed: 1493340101901090186

6867 theanonym the Brawler (level 10, -2/136 HPs)
             Began as a Troll Gladiator on June 4, 2019.
             Was a Priest of the Shining One.
             Slain by Snorg (17 damage)
             ... on level 10 of the Dungeon.
             The game lasted 00:08:55 (8041 turns).

theanonym the Brawler (Troll Gladiator)             Turns: 8041, Time: 00:08:56

Health: -2/136     AC: 11    Str: 32      XL:     10   Next: 78%
Magic:  9/9        EV:  7    Int:  8      God:    the Shining One [***...]
Gold:   217        SH:  8    Dex: 10 (11) Spells: 9/9 levels left

rFire    . . .     SeeInvis .     - Unarmed
rCold    . . .     Gourm    +   I - +0 shield {reflect}
rNeg     + . .     Faith    .   H - +2 robe {MR+}
rPois    .         Spirit   .   b - +0 hat
rElec    .         Reflect  +   f - +2 cloak
rCorr    .         Harm     .   (gloves unavailable)
MR       +....                  (boots unavailable)
Stlth    ..........             m - amulet of rage
HPRegen  0.72/turn              x - +4 ring of intelligence
MPRegen  0.11/turn              z - ring of flight

@: berserking (expiring), glowing, very quick
A: large, unfitting armour, claws 3, fast metabolism 3, gourmand, regeneration
1, shaggy fur 1, tough skin 3
a: Divine Shield, Renounce Religion, Evoke Berserk Rage, Evoke Flight


Innate Abilities, Weirdness & Mutations

You are too large for most types of armour.
You have claws for hands.
Your metabolism is lightning-fast.
You like to eat raw meat.
Your natural rate of healing is unusually fast.
You are covered in fur. (AC +1)
You have extremely tough skin. (AC +3)


   Skills:
 + Level 3.1 Fighting
 - Level 1.7 Throwing
 - Level 2.4 Dodging
 * Level 15.5 Unarmed Combat


You had 9 spell levels left.
You didn't know any spells.
Your spell library was empty.

Skill      XL: |  1  2  3  4  5  6  7  8  9 10 |
---------------+-------------------------------+-----
Unarmed Combat | 4 5 7 8 9 11 14 15 | 15.5
Fighting       | 3 |  3.1
Throwing       | |  1.7
Dodging        | |  2.4

Action                   |  1- 3 |  4- 6 |  7- 9 | 10-12 || total
-------------------------+-------+-------+-------+-------++-------
Melee: Unarmed           |    83 |   125 |   194 |   157 ||   559
       Punch             |       |     2 |     9 |     2 ||    13
Throw: Throwing net      |       |     3 |       |       ||     3
 Abil: Evoke Berserk Rag |       |       |     3 |     1 ||     4
Evoke: Wand              |       |       |       |     6 ||     6
  Use: Scroll            |       |       |     5 |     2 ||     7
       Potion            |       |       |     1 |     2 ||     3
 Stab: Sleeping          |     2 |       |       |       ||     2
  Eat: Chunk             |    15 |    15 |    32 |    22 ||    84
Armor: Robe              |    26 |    36 |    83 |    67 ||   212
Dodge: Dodged            |    35 |    63 |   103 |    93 ||   294
Block: Shield            |       |       |       |    45 ||    45
       Reflection        |       |       |       |     4 ||     4

Inventory:

Missiles
 c - 4 throwing nets (quivered)
Armour
 b - a +0 hat (worn)
 f - a +2 cloak (worn)
 H - a +2 robe of magic resistance (worn)
 I - a +0 shield of reflection (worn)
 L - a scarf of resistance
Magical Staves
 C - an uncursed staff of summoning {unknown}
Jewellery
 m - an amulet of rage (around neck)
 w - an uncursed ring of see invisible {unknown}
 x - a +4 ring of intelligence (left claw)
 z - a ring of flight (right claw)
 A - an uncursed amulet of guardian spirit
 F - an uncursed ring of poison resistance {unknown}
Wands
 D - a wand of polymorph (17)
 J - a wand of disintegration (13)
Scrolls
 d - 4 scrolls of teleportation {unknown}
 g - 3 scrolls of enchant weapon {unknown}
 k - a scroll of blinking {unknown}
 l - a scroll of enchant armour {unknown}
 n - 5 scrolls of remove curse
 o - 3 scrolls of random uselessness {unknown}
 r - a scroll of identify
 u - a scroll of amnesia {unknown}
 y - 3 scrolls of fear {unknown}
 E - a scroll of noise {unknown}
 K - a scroll of vulnerability {unknown}
 M - a scroll of torment {unknown}
Potions
 a - a potion of magic {unknown}
 h - 2 potions of brilliance
 i - a potion of degeneration
 j - 2 potions of agility
 p - 3 potions of mutation
 q - 2 potions of heal wounds
 s - 4 potions of curing
 t - a potion of cancellation {unknown}
 v - a potion of haste {unknown}
 B - 3 potions of resistance
 G - 3 potions of lignification
Comestibles
 e - 18 rations


You were on level 10 of the Dungeon.
You worshipped the Shining One.
The Shining One was most pleased with you.
You were very full.

You visited 1 branch of the dungeon, and saw 10 of its levels.

You collected 565 gold pieces.
You spent 348 gold pieces at shops.

Dungeon Overview and Level Annotations

Branches:
Dungeon (10/15)            Temple (0/1) D:7            Lair (0/6) D:9
    Orc: D:9-12

Altars:
Ashenzari
Fedhas
Sif Muna
Trog
Uskayaw
Wu Jian
Yredelemnul
The Shining One
Beogh
Lugonu

Shops:
D:5 %   D:8 !

Annotations:
D:10 Snorg

#.# #.# #.# #.#
#.# ##.# ###..#
#...## #@###
##T#######
#o5o.....#
#####.o......#
#............#
+.###........##
#..........
###.####### ##
###..######..#


You could see Snorg (berserk), a quasit and 3 orcs.

Notes
Turn   | Place    | Note
-------+----------+-------------------------------------------
     0 | D:1      | theanonym the Troll Gladiator began the quest for the Orb.
     0 | D:1      | Reached XP level 1. HP: 19/19 MP: 0/0
   107 | D:1      | Reached XP level 2. HP: 26/27 MP: 1/1
   359 | D:1      | Reached skill level 4 in Unarmed Combat
   394 | D:1      | Reached XP level 3. HP: 33/33 MP: 2/2
   859 | D:2      | Noticed Jessica
   866 | D:2      | Killed Jessica
  1018 | D:2      | Reached XP level 4. HP: 41/41 MP: 3/3
  1108 | D:2      | Reached skill level 5 in Unarmed Combat
  1172 | D:2      | Found a basalt altar of Yredelemnul.
  1855 | D:3      | Found a bloodstained altar of Trog.
  2082 | D:3      | Reached XP level 5. HP: 48/48 MP: 4/4
  2423 | D:4      | Noticed Sigmund
  2423 | D:4      | Noticed an ogre
  2442 | D:4      | HP: 18/48 [ogre/+0 giant club (21)]
  2448 | D:3      | Killed an ogre
  2448 | D:3      | Reached skill level 6 in Unarmed Combat
  2560 | D:4      | Killed Sigmund
  2560 | D:4      | Reached skill level 7 in Unarmed Combat
  2560 | D:4      | Reached XP level 6. HP: 55/55 MP: 5/5
  2842 | D:4      | Found a roughly hewn altar of Beogh.
  2884 | D:4      | Noticed Edmund
  2904 | D:4      | Killed Edmund
  2904 | D:4      | Reached skill level 8 in Unarmed Combat
  2904 | D:4      | Reached XP level 7. HP: 33/62 MP: 6/6
  3342 | D:4      | Reached skill level 9 in Unarmed Combat
  3456 | D:4      | Found a glowing golden altar of the Shining One.
  3665 | D:5      | Entered Level 5 of the Dungeon
  3665 | D:5      | Found Muhyllo's Food Boutique.
  3722 | D:5      | HP: 31/62 [gnoll/+1 flail of venom (8)]
  3727 | D:5      | HP: 27/62 [poisoned by a gnoll]
  3732 | D:5      | HP: 24/62 [poisoned by a gnoll]
  3737 | D:5      | HP: 23/62 [poisoned by a gnoll]
  3742 | D:5      | HP: 23/62 [poisoned by a gnoll]
  3747 | D:5      | HP: 24/62 [poisoned by a gnoll]
  3754 | D:5      | HP: 26/62 [poisoned by a gnoll]
  3762 | D:5      | HP: 29/62 [poisoned by a gnoll]
  4004 | D:4      | Became a worshipper of the Shining One
  4089 | D:5      | Reached XP level 8. HP: 59/70 MP: 7/7
  4106 | D:5      | Reached skill level 10 in Unarmed Combat
  4871 | D:6      | Reached skill level 11 in Unarmed Combat
  4874 | D:6      | Noticed Prince Ribbit
  4880 | D:6      | Killed Prince Ribbit
  4890 | D:6      | Reached * piety under the Shining One
  4918 | D:6      | Found an ornate altar of the Wu Jian Council.
  4921 | D:6      | Found a hide-covered altar of Uskayaw.
  4924 | D:6      | Found a deep blue altar of Sif Muna.
  4927 | D:6      | Found a shattered altar of Ashenzari.
  5098 | D:6      | HP: 34/70 [centaur/arrow (8)]
  5400 | D:7      | Reached XP level 9. HP: 71/76 MP: 8/8
  5412 | D:7      | Reached skill level 12 in Unarmed Combat
  5419 | D:7      | Noticed a purple ugly thing
  5420 | D:7      | Found a corrupted altar of Lugonu.
  5421 | D:7      | Noticed a purple ugly thing
  5809 | D:7      | Found a staircase to the Ecumenical Temple.
  5902 | D:7      | Found a transporter.
  5903 | D:7      | Found a transporter.
  5913 | D:7      | Killed a purple ugly thing
  5918 | D:7      | Killed a purple ugly thing
  5918 | D:7      | Reached skill level 13 in Unarmed Combat
  6036 | D:8      | Noticed a two-headed ogre
  6036 | D:8      | Reached ** piety under the Shining One
  6046 | D:8      | HP: 56/114 [gnoll/+0 spear (9)]
  6049 | D:8      | Killed a two-headed ogre
  6049 | D:8      | Reached skill level 14 in Unarmed Combat
  6049 | D:8      | Reached XP level 10. HP: 60/85 MP: 9/9
  6051 | D:8      | HP: 29/85 [kobold/+0 dagger (1)]
  6074 | D:8      | HP: 34/85 [gnoll/+0 spear (3)]
  6079 | D:8      | HP: 32/85 [gnoll/+0 spear (3)]
  6085 | D:8      | HP: 27/85 [wight/+0 spear (3)]
  6090 | D:8      | HP: 16/85 [orc wizard/puff of frost (3)]
  6401 | D:8      | Found Plog's Distillery.
  6407 | D:8      | Bought 2 potions of agility for 96 gold pieces
  6407 | D:8      | Bought a potion of heal wounds for 60 gold pieces
  6407 | D:8      | Bought a potion of curing for 36 gold pieces
  6407 | D:8      | Bought a potion of lignification for 36 gold pieces
  6407 | D:8      | Bought a potion of resistance for 120 gold pieces
  7049 | D:9      | HP: 41/85 [centaur (5)]
  7152 | D:9      | Reached *** piety under the Shining One
  7154 | D:9      | Reached skill level 15 in Unarmed Combat
  7189 | D:9      | Reached skill level 2 in Fighting
  7206 | D:9      | Found a staircase to the Lair.
  7430 | D:9      | Found a blossoming altar of Fedhas.
  7841 | D:10     | Entered Level 10 of the Dungeon
  7932 | D:10     | Noticed Snorg
  7942 | D:10     | Reached skill level 3 in Fighting
  8008 | D:10     | Noticed an orange crystal statue
  8026 | D:10     | HP: 42/91 [vampire mosquito[an orange crystal statue] (5)]
  8032 | D:10     | HP: 44/136 [vampire mosquito[an orange crystal statue] (6)]
  8039 | D:10     | HP: 24/136 [Snorg (12)]
  8041 | D:10     | Slain by Snorg

Vanquished Creatures
  A two-headed ogre (D:8)
  2 ugly things (D:7)
  A troll (D:9)
  Prince Ribbit (D:6)
  Sigmund (D:4)
  A hungry ghost (D:9)
  Edmund (D:4)
  2 ice beasts
  A phantom (D:9)
  A black bear (D:6)
  An eye of draining (D:9)
  3 orc warriors
  A sky beast (D:6)
  2 wolves (D:9)
  4 centaurs
  2 ogres
  A big kobold (D:8)
  5 bullfrogs
  A gnoll sergeant (D:8)
  3 small abominations (D:7)
  3 scorpions
  6 killer bees (D:10)
  13 wights
  2 electric eels (D:9)
  A centaur zombie (D:9)
  2 howler monkeys (D:6)
  3 crimson imps
  A quasit (D:8)
  5 orc priests
  A centaur skeleton (D:10)
  11 hounds
  3 bullfrog skeletons (D:6)
  5 orc wizards
  Jessica (D:2)
  An iguana (D:8)
  7 worker ants
  A centaur simulacrum (D:9)
  A hound skeleton (D:9)
  9 gnolls
  7 adders
  A shadow imp (D:6)
  2 oozes
  2 adder zombies
  A worm (D:4)
  4 dart slugs
  9 leopard geckos
  17 orcs
  4 bats
  3 giant cockroaches
  8 goblins
  9 hobgoblins
  2 jackals (D:4)
  6 quokkas
  3 ball pythons
  A ball python skeleton (D:4)
  16 frilled lizards
  11 kobolds
  2 quokka skeletons (D:4)
  A quokka zombie (D:5)
  12 rats
232 creatures vanquished.

Table legend:
 A = Turns spent in this place as a percentage of turns spent in the entire game.
 B = Non-inter-level travel turns spent in this place as a percentage of non-inter-level travel turns spent in the entire game.
 C = Inter-level travel turns spent in this place as a percentage of turns spent in this place.
 D = Turns resting spent in this place as a percentage of non-inter-level travel turns spent in this place.
 E = Turns spent auto-exploring this place as a percentage of non-inter-level travel turns spent in this place.
 F = Non-inter-level travel turns spent in this place divided by the number of levels of this place that you've seen.
                   A       B       C       D       E      F
               +-------+-------+-------+-------+-------+----------------------
         Total | 100.0 | 100.0 |   5.9 |   8.0 |  77.1 | 757.0
       Dungeon | 100.0 | 100.0 |   5.9 |   8.0 |  77.1 | 757.0
               +-------+-------+-------+-------+-------+----------------------
